 Dungeon Crawl Stone Soup version 0.27-a0-535-g7eaf864cf9 (webtiles) character file.

Game seed: 4465307889888194427

4102 Leibowitz the Slicer (level 10, -8/61 HPs)
             Began as a Kobold Gladiator on Mar 6, 2021.
             Was an Elder of Wu Jian.
             Mangled by a yak (16 damage)
             ... on level 8 of the Dungeon.
             The game lasted 00:26:33 (10162 turns).

Leibowitz the Slicer (Kobold Gladiator)            Turns: 10162, Time: 00:26:34

Health: -8/61      AC:  9    Str: 18    XL:     10   Next: 50%
Magic:  10/10      EV: 19    Int:  9    God:    Wu Jian [****..]
Gold:   414        SH:  0    Dex: 20    Spells: 9/9 levels left

rFire    . . .     SeeInvis +   a - +0 rapier
rCold    . . .     Faith    .   (shield restricted)
rNeg     . . .     Spirit   .   b - +0 leather armour
rPois    .         Reflect  .   g - +1 helmet
rElec    .         Harm     .   D - +1 cloak {rCorr}
rCorr    +         Rampage  .   E - +0 pair of gloves
Will     .....                  x - +0 pair of boots
Stlth    ++++++....             (no amulet)
HPRegen  0.20/turn              s - ring of see invisible
MPRegen  0.12/turn              u - +6 ring of strength

@: no status effects
A: small, nightstalker 3
a: Renounce Religion, Wall Jump, Serpent's Lash


You were on level 8 of the Dungeon.
You worshipped Wu Jian.
Wu Jian was greatly pleased with you.
You visited 1 branch of the dungeon, and saw 9 of its levels.
You also visited: Sewer.

You collected 414 gold pieces.

Inventory:

Hand Weapons
 a - a +0 rapier (weapon)
Missiles
 G - 8 throwing nets (quivered)
Armour
 b - a +0 leather armour (worn)
 g - a +1 helmet (worn)
 x - a +0 pair of boots (worn)
 D - a +1 cloak of preservation (worn)
 E - a +0 pair of gloves (worn)
Jewellery
 s - a ring of see invisible (left hand)
 u - a +6 ring of strength (right hand)
Wands
 y - a wand of paralysis (9)
 H - a wand of acid (11)
 I - a wand of digging (9)
Scrolls
 c - 2 scrolls of noise {unknown}
 f - 3 scrolls of amnesia {unknown}
 h - 12 scrolls of identify {unknown}
 j - 3 scrolls of enchant armour {unknown}
 k - 4 scrolls of fog
 l - 4 scrolls of magic mapping {unknown}
 n - 5 scrolls of teleportation {unknown}
 p - 3 scrolls of blinking {unknown}
 q - 5 scrolls of fear {unknown}
 t - a scroll of random uselessness {unknown}
 B - 2 scrolls of summoning {unknown}
 C - 2 scrolls of immolation {unknown}
Potions
 d - 2 potions of haste {unknown}
 e - 4 potions of attraction
 m - 3 potions of magic {unknown}
 o - 3 potions of heal wounds
 r - 2 potions of curing
 v - a potion of berserk rage {unknown}
 w - a potion of degeneration {unknown}
 z - 3 potions of brilliance {unknown}
 A - 2 potions of lignification {unknown}
 F - a potion of cancellation {unknown}
 J - a potion of invisibility {unknown}


   Skills:
 * Level 6.7 Fighting
 * Level 11.4 Short Blades
 - Level 2.1 Throwing
 + Level 2.8 Armour
 * Level 7.3 Dodging
 * Level 11.3 Stealth


You had 9 spell levels left.
You didn't know any spells.
Your spell library contained the following spells:

 Spells                   Type           Power      Damage    Failure   Level
 Sandblast                Erth           0%         2d4       43%         1
 Passwall                 Tmut/Erth      0%         N/A       58%         2
 Stone Arrow              Conj/Erth      0%         3d7       82%         3
 Petrify                  Tmut/Erth      0%         N/A       99%         4
 Lee's Rapid Deconstruct  Erth           0%         3d5*      100%        5


Dungeon Overview and Level Annotations

Branches:
Dungeon (9/15)             Temple (0/1) D:4           Sewer (visited)
   Lair: D:8-11         Orc: D:9-12

Altars:
Fedhas
Gozag
Nemelex Xobeh
Wu Jian
Yredelemnul


Innate Abilities, Weirdness & Mutations

You are small and have problems with some larger weapons.
You are completely attuned to the shadows.


Message History

Press: ? - help, Q - select action, (/) - cycle Shift-Dir - straight line, f/p - death yak
Aim: a death yak (severely wounded, 82% to hit)
You throw a throwing net. The throwing net hits the death yak.
The death yak is caught in the net!
The death yak is severely wounded.
The death yak struggles against the net.
You hit the death yak.
The death yak is almost dead.
The death yak struggles against the net.
You catch the helpless death yak completely off-guard!
You impale the death yak!!
You kill the death yak!
The Council accepts your kill. The death yak misses you.
You barely miss the yak. You hit the yak but do no damage. The yak gores you!
* * * LOW HITPOINT WARNING * * *
There is an open door here.
There is a stone staircase leading up here.
The yak closely misses you.
You climb upwards.
There is a stone staircase leading down here.
You hit the yak.
The yak is lightly wounded.
The yak closely misses you.
You hit the yak but do no damage.
The yak is lightly wounded.
The yak gores you but does no damage.
You puncture the yak!
The yak is moderately wounded.
You barely miss the yak.
The yak is moderately wounded.
The yak gores you.
* * * LOW HITPOINT WARNING * * *
You hit the yak but do no damage.
The yak is moderately wounded.
You puncture the yak!
The yak is heavily wounded.
The yak gores you!
You die...

#.............#...#####
###...........#....####
###.........<..##.......
##.#............###......
#......#........# #....##
########..#...#.......####....##
#..#..#...#................##..#
#.............Y............###..
#..#...........@....#......####.
####.......(........#.....###..#
#.................#...........
#...###...........#........#.#
#..#####...................###
#.##().'......###...#....)....
#.##..†'.)....###..##.........
#.##...'..).......>##......###
#..#####...........##......#.#


You could see a yak.

Vanquished Creatures
  A death yak (D:9)
  Pikel (D:5)
  A yak (D:9)
  A sky beast (D:6)
  2 orc warriors
  A wolf (D:8)
  A centaur (D:8)
  A lemure (D:5)
  3 phantoms
  4 bullfrogs
  3 gnoll sergeants
  5 wights
  2 howler monkeys (D:7)
  A quasit (D:8)
  8 hounds
  2 centaur skeletons
  5 orc priests
  2 bullfrog skeletons
  4 gnoll shamans (D:8)
  3 iguanas
  3 orc wizards
  6 worker ants
  21 gnolls
  9 river rats
  14 adders
  An ufetubus (D:6)
  2 oozes (Sewer)
  An adder skeleton (D:4)
  An adder zombie (D:5)
  3 worms
  3 dart slugs
  3 leopard geckos
  19 orcs
  6 giant cockroaches
  5 goblins
  7 hobgoblins
  20 jackals
  11 kobolds
  5 quokkas
  13 ball pythons
  5 bats
  9 frilled lizards
  A leopard gecko skeleton (D:6)
  A quokka skeleton (D:5)
  32 rats
252 creatures vanquished.

Vanquished Creatures (others)
  9 plants (D:7)
9 creatures vanquished.

Grand Total: 261 creatures vanquished

Notes
Turn   | Place    | Note
-------+----------+-------------------------------------------
     0 | D:1      | Leibowitz the Kobold Gladiator began the quest for the Orb.
     0 | D:1      | Reached XP level 1. HP: 12/12 MP: 1/1
   212 | D:1      | Reached XP level 2. HP: 18/18 MP: 2/2
   489 | D:1      | Reached XP level 3. HP: 22/22 MP: 3/3
   495 | D:1      | Reached skill level 1 in Stealth
  1221 | D:2      | Reached skill level 5 in Short Blades
  1221 | D:2      | Reached XP level 4. HP: 19/27 MP: 4/4
  1510 | D:2      | Found an ornate altar of the Wu Jian Council.
  1526 | D:2      | Became a worshipper of the Wu Jian Council
  2362 | D:2      | Reached XP level 5. HP: 32/32 MP: 5/5
  2558 | D:3      | Noticed a bullfrog
  2562 | D:3      | Killed a bullfrog
  2562 | D:3      | Reached * piety under Wu Jian
  2563 | D:3      | Reached XP level 6. HP: 27/37 MP: 6/6
  2716 | D:3      | Found a glowing drain.
  2759 | Sewer    | Entered a sewer
  3163 | Sewer    | Reached skill level 5 in Stealth
  3431 | Sewer    | Reached skill level 1 in Armour
  3431 | Sewer    | Reached XP level 7. HP: 17/41 MP: 7/7
  3641 | Sewer    | Reached ** piety under Wu Jian
  4593 | D:3      | Found an opulent altar of Gozag.
  4593 | D:3      | Found a sparkling altar of Nemelex Xobeh.
  4907 | D:4      | Reached skill level 5 in Dodging
  5041 | D:4      | Reached XP level 8. HP: 47/48 MP: 8/8
  5191 | D:4      | Found a staircase to the Ecumenical Temple.
  5379 | D:5      | Entered Level 5 of the Dungeon
  6130 | D:5      | You fall into a shaft and drop 2 floors!
  6212 | D:5      | Noticed Pikel
  6220 | D:5      | Killed Pikel
  6568 | D:5      | Reached XP level 9. HP: 42/52 MP: 9/9
  6670 | D:5      | Reached *** piety under Wu Jian
  7643 | D:6      | Reached skill level 5 in Fighting
  8035 | D:7      | Found a basalt altar of Yredelemnul.
  8463 | D:7      | Found a blossoming altar of Fedhas.
  8649 | D:8      | Reached skill level 10 in Short Blades
  8799 | D:8      | Reached skill level 10 in Stealth
  8997 | D:8      | Reached **** piety under Wu Jian
  9330 | D:8      | Reached XP level 10. HP: 43/60 MP: 10/10
  9917 | D:8      | Found a basalt altar of Yredelemnul.
 10116 | D:9      | Noticed a death yak
 10132 | D:9      | Noticed a death yak
 10132 | D:9      | Noticed a death yak
 10138 | D:9      | HP: 3/61 [death yak (16)]
 10144 | D:9      | Killed a death yak
 10162 | D:8      | Mangled by a yak

Illustrated notes

Levels and vault maps discovered:
D:1:      dpeg_arrival_round_a, layout_basic, chequers_serial_rivers_small_b
D:2:      layout_loops_ring, old_standard_altar, serial_glass, glass_columns_b,
          glass_columns_b, glass_columns_c, glass_columns_a, glass_columns_b,
          glass_columns_a, glass_columns_b, glass_columns_a, glass_columns_b,
          glass_columns_b
D:3:      layout_loops_ring, grunt_temple_overflow_opulence,
          portal_sewer_entry_b
D:4:      layout_rooms, temple_hall
D:5:      layout_basic, grunt_ministairs_14, lemuel_statue_altar, uniq_pikel
D:6:      layout_loops_ring
D:7:      layout_rooms, general_overflow_altar, kennysheep_decorative_pillar,
          fedhas_altar_decomposition
D:8:      layout_cave_pools, serial_gnoll_camp, gnoll_camp_medium_01,
          gnoll_camp_mini_loothouse, gnoll_camp_mini_basic,
          gnoll_camp_mini_basic, gnoll_camp_medium_02, minmay_ruined_shrine
D:9:      layout_roguey, kennysheep_little_box, dpeg_lair_monsters,
          kennysheep_windowed_goal

Skill      XL: |  1  2  3  4  5  6  7  8  9 10 |
---------------+-------------------------------+-----
Dodging        | 4 5 6 7 |  7.3
Stealth        | 1 2 4 5 6 8 10 11 | 11.3
Short Blades   | 5 6 7 9 10 11 | 11.4
Fighting       | 3 4 5 6 |  6.7
Armour         | 1 2 |  2.8
Throwing       | |  2.1

Action                   |  1- 3 |  4- 6 |  7- 9 | 10-12 || total
-------------------------+-------+-------+-------+-------++-------
Melee: Rapier            |    69 |   196 |   433 |   172 ||   870
Throw: Throwing net      |       |     2 |     2 |     2 ||     6
       Dart              |       |       |     2 |     2 ||     4
Invok: Lunge             |       |    33 |    54 |    12 ||    99
       Whirlwind         |       |    11 |    21 |    14 ||    46
  Use: Potion            |       |     2 |       |     2 ||     4
       Scroll            |       |       |     1 |       ||     1
 Stab: Sleeping          |     9 |    28 |    44 |     7 ||    88
       Distracted        |     1 |     1 |     3 |       ||     5
       Held in net/web   |       |     2 |     2 |     1 ||     5
       Invisible         |       |       |     3 |     2 ||     5
Armor: Leather armour    |    12 |    39 |    87 |    22 ||   160
Dodge: Dodged            |    33 |   145 |   303 |   105 ||   586

Table legend: (Time is in decaauts)
 A = Elapsed time spent in this place.
 B = Non-inter-level travel time spent in this place.
 C = Inter-level travel time spent in this place.
 D = Time resting spent in this place.
 E = Time spent auto-exploring this place.
 F = Levels seen in this place.
 G = Mean time per level.
                   A        B        C        D        E       F      G
               +--------+--------+--------+--------+--------+-----+--------+
         Total |  10093 |   9881 |    212 |   2080 |   5988 |  10 | 1009.3 |
       Dungeon |   8669 |   8457 |    212 |   1146 |   5735 |   9 |  963.2 |
         Sewer |   1423 |   1423 |      0 |    934 |    252 |   1 | 1423.0 |
               +--------+--------+--------+--------+--------+-----+--------+

Top non-repeatable levels by time:
     D:8: 1509 daAuts
     D:5: 1439 daAuts
   Sewer: 1423 daAuts
     D:1: 1201 daAuts
     D:2: 1166 daAuts
     D:6: 1043 daAuts
     D:3: 915 daAuts
     D:4: 717 daAuts
     D:7: 620 daAuts
     D:9: 56 daAuts
